 Dungeon Crawl Stone Soup version 0.30-a0-989-g0d87f670db (webtiles) character file.

Game seed: 12503581812307793820

282 bmack86 the Chopper (level 6, 0/53 HPs)
             Began as a Minotaur Fighter on Apr 3, 2023.
             Slain by a mummy (10 damage)
             ... in an ossuary.
             The game lasted 00:06:17 (2284 turns).

bmack86 the Chopper (Minotaur Fighter)              Turns: 2284, Time: 00:06:18

Health: 0/53       AC: 12    Str: 23    XL:     6   Next: 6%
Magic:  5/5        EV:  6    Int:  5    God:
Gold:   216        SH:  5    Dex: 15    Spells: 5/5 levels left

rFire   + . .      SeeInvis .    a - +0 war axe
rCold   . . .      Faith    .    c - +0 buckler
rNeg    . . .      Spirit   .    n - +0 plate armour
rPois   .          Reflect  .    (helmet restricted)
rElec   .          Rampage  .    (no cloak)
rCorr   .                        (no gloves)
Will    .....                    (no boots) Stlth
                                 (no amulet)
HPRegen 0.28/turn                k - ring of protection from fire
MPRegen 0.09/turn                l - +6 ring of dexterity

@: no status effects
A: horns 2, retaliatory headbutt
a: no special abilities


You were in an ossuary.
You visited 1 branch of the dungeon, and saw 4 of its levels.
You also visited: Ossuary.

You collected 216 gold pieces.

Inventory:

Hand Weapons
 a - a +0 war axe (weapon)
Missiles
 e - 6 poisoned darts (quivered)
Armour
 b - a +0 scale mail
 c - a +0 buckler (worn)
 n - a +0 plate armour (worn)
Jewellery
 k - a ring of protection from fire (left hand)
 l - a +6 ring of dexterity (right hand)
 o - a ring of fire
Scrolls
 i - a scroll of vulnerability {unknown}
 j - 2 scrolls of teleportation {unknown}
 m - a scroll of poison {unknown}
 q - a scroll of amnesia {unknown}
Potions
 d - 2 potions of might
 f - a potion of resistance
 g - 2 potions of heal wounds
 h - a potion of magic {unknown}
 p - a potion of haste {unknown}


   Skills:
 + Level 4.6 Fighting
 * Level 5.1 Axes
 + Level 1.8 Throwing
 + Level 4.6 Armour
 + Level 4.7 Shields


You had 5 spell levels left.
You didn't know any spells.
Your spell library was empty.

Dungeon Overview and Level Annotations

Branches:
Dungeon (4/15)            Ossuary (1/1)
 Temple: D:4-7

Altars:
Dithmenos
Uskayaw

Annotations:
D:4 3 runed translucent doors, Bediveer's ghost, novice GrEE


Innate Abilities, Weirdness & Mutations

You have a pair of horns on your head.
You reflexively headbutt those who attack you in melee.


Message History

You barely miss the gnoll zombie.
The gnoll zombie hits you but does no damage.
You block the gnoll zombie's attack.
You barely miss the gnoll zombie. Your headbutt misses the gnoll zombie.
The gnoll zombie is moderately damaged.
You hit the gnoll zombie but do no damage.
The gnoll zombie hits you but does no damage.
The gnoll zombie hits you.
Unknown command.
You hit the gnoll zombie. You headbutt the gnoll zombie!
You destroy the gnoll zombie!
You barely miss the gnoll zombie. The gnoll zombie barely misses you.
You slash the mummy! Your headbutt misses the mummy.
The mummy is heavily damaged.
You hit the gnoll zombie.
The gnoll zombie hits you but does no damage.
The mummy hits you!
Unknown command.
You hit the mummy.
The mummy is severely damaged.
You barely miss the gnoll zombie. You slash the kobold zombie!
You destroy the kobold zombie!
You hit the orc zombie but do no damage.
The orc zombie hits you but does no damage.
You block the gnoll zombie's attack. The mummy hits you!
The orc zombie hits you but does no damage.
You slash the mummy!
You destroy the mummy!
You slash the gnoll zombie!
You destroy the gnoll zombie!
You slash the orc zombie!
You destroy the orc zombie!
Unknown command.
The mummy hits you but does no damage. x2
You slash the mummy! Your headbutt misses the mummy.
The mummy is severely damaged.
You hit the mummy. x2; The mummy hits you! x2
* * * LOW HITPOINT WARNING * * *
The mummy hits you!
You die...

...##....##....
...............
..............
............
#........#
#......# #.MM.#
#.M@.# #....#
#....# #....#
#....# #....#
#....# #.∩∩.#
######


You could see 3 mummies.

Vanquished Creatures
  An ogre (D:3)
  The ghost of Tollund the Gusty, an amateur TeAE (D:3)
  2 mummies
  2 adders (D:2)
  A worm (D:2)
  3 dart slugs (D:2)
  4 bats
  5 endoplasms
  4 giant cockroaches
  2 gnoll zombies (Ossuary)
  7 goblins
  9 hobgoblins
  2 jackals (D:2)
  5 kobolds
  4 quokkas
  15 ball pythons
  4 frilled lizards
  A hobgoblin zombie (Ossuary)
  3 kobold zombies (Ossuary)
  2 orc zombies (Ossuary)
  5 rats
82 creatures vanquished.

Notes
Turn   | Place    | Note
-------+----------+-------------------------------------------
     0 | D:1      | bmack86 the Minotaur Fighter began the quest for the Orb.
     0 | D:1      | Reached XP level 1. HP: 19/19 MP: 0/0
    88 | D:1      | Reached XP level 2. HP: 27/27 MP: 1/1
   176 | D:1      | Reached skill level 3 in Axes
   575 | D:2      | Reached XP level 3. HP: 27/33 MP: 2/2
   578 | D:2      | You fall into a shaft and drop 1 floor!
   605 | D:3      | Noticed an ogre
   612 | D:3      | Killed an ogre
   613 | D:3      | Reached skill level 4 in Axes
   613 | D:3      | Reached skill level 1 in Throwing
   613 | D:3      | Reached XP level 4. HP: 7/41 MP: 3/3
   791 | D:3      | Found a shadowy altar of Dithmenos.
   804 | D:3      | Found a large runed translucent door.
   805 | D:3      | Found a large runed translucent door.
   812 | D:3      | Noticed Tollund's ghost (amateur TeAE)
  1017 | D:3      | Found a faded altar of an unknown god.
  1164 | D:2      | Reached XP level 5. HP: 45/47 MP: 4/4
  2091 | D:3      | Killed Tollund's ghost
  2150 | D:4      | Found a runed translucent gate.
  2151 | D:4      | Found a runed translucent gate.
  2154 | D:4      | Found a runed translucent gate.
  2158 | D:4      | Reached skill level 5 in Axes
  2163 | D:4      | Noticed Bediveer's ghost (novice GrEE)
  2175 | D:4      | Found a hide-covered altar of Uskayaw.
  2175 | D:4      | Noticed a +0 spear
  2175 | D:4      | Noticed a +0 dagger
  2263 | D:4      | Found a sand-covered staircase.
  2268 | Ossuary  | Entered an ossuary
  2277 | Ossuary  | Reached XP level 6. HP: 51/53 MP: 5/5
  2284 | Ossuary  | Slain by a mummy

Illustrated notes

Levels and vault maps discovered:
D:1:      lightli_arrival_chessboard, layout_rooms, minmay_domino_4
D:2:      layout_loops_ring
D:3:      layout_loops_ring, lemuel_crystal_altar,
          shapermc_ecumenical_altar_mp_vishouse, ebering_ghost_disaster_area
D:4:      layout_rooms, nicolae_hepliaklqana_monster_ancestors,
          lemuel_doored_altar, nicolae_uskayaw_en_pointe,
          nicolae_ossuary_entry_giza, gammafunk_ghost_split,
          uniq_crazy_yiuf_cottage
Ossuary:  ossuary_tomb_3

Skill      XL: |  1  2  3  4  5 |
---------------+----------------+-----
Axes           | 3 4 5 |  5.1
Shields        | 4 |  4.7
Fighting       | 4 |  4.6
Armour         | 4 |  4.6
Throwing       | 1 |  1.8

Action                     |  1- 3 |  4- 6 || total
---------------------------+-------+-------++-------
  Melee: War axe           |    43 |   105 ||   148
         Headbutt          |     6 |    18 ||    24
    Use: Scroll            |     1 |     3 ||     4
 Armour: Scale mail        |    21 |    10 ||    31
         Plate armour      |       |    51 ||    51
  Dodge: Dodged            |    29 |    31 ||    60
  Block: Buckler           |    10 |    30 ||    40

Table legend: (Time is in decaauts)
 A = Elapsed time spent in this place.
 B = Non-inter-level travel time spent in this place.
 C = Inter-level travel time spent in this place.
 D = Time resting spent in this place.
 E = Time spent auto-exploring this place.
 F = Levels seen in this place.
 G = Mean time per level.
                   A        B        C        D        E       F      G
               +--------+--------+--------+--------+--------+-----+--------+
         Total |   2332 |   2242 |     90 |    121 |   1232 |   5 |  466.4 |
       Dungeon |   2314 |   2224 |     90 |    121 |   1232 |   4 |  578.5 |
       Ossuary |     18 |     18 |      0 |      0 |      0 |   1 |   18.0 |
               +--------+--------+--------+--------+--------+-----+--------+

Top non-repeatable levels by time:
     D:3: 950 daAuts
     D:2: 746 daAuts
     D:1: 493 daAuts
     D:4: 124 daAuts
 Ossuary: 18 daAuts
